 Dungeon Crawl Stone Soup version 0.28-a0-1629-gf728b707aa (webtiles) character file.

Game seed: 1423251518372679125

102 Charly the Shooter (level 4, -1/26 HPs)
             Began as a Deep Elf Hunter on Jan 24, 2022.
             Killed from afar by Natasha (9 damage)
             ... with a magic dart
             ... on level 3 of the Dungeon.
             The game lasted 00:09:00 (3251 turns).

Charly the Shooter (Deep Elf Hunter)                Turns: 3251, Time: 00:09:01

Health: -1/26      AC:  3    Str:  9    XL:     4   Next: 49%
Magic:  6/6        EV: 12    Int: 16    God:
Gold:   84         SH:  0    Dex: 17    Spells: 3/3 levels left

rFire   . . .      SeeInvis .   a - +1 shortbow
rCold   . . .      Faith    .   (shield currently unavailable)
rNeg    . . .      Spirit   .   c - +0 leather armour
rPois   .          Reflect  .   (no helmet)
rElec   .          Harm     .   (no cloak)
rCorr   .          Rampage  .   (no gloves)
Will    .....                   (no boots)
Stlth   +++.......              (no amulet)
HPRegen 0.08/turn               (no ring)
MPRegen 0.10/turn               (no ring)

@: no status effects
A: no striking features
a: no special abilities


You were on level 3 of the Dungeon.
You visited 1 branch of the dungeon, and saw 3 of its levels.

You collected 84 gold pieces.

Inventory:

Hand Weapons
 a - a +1 shortbow (weapon)
 b - a +0 short sword
Missiles
 d - 10 arrows (quivered ammo)
 o - 6 atropa-tipped darts
Armour
 c - a +0 leather armour (worn)
Magical Staves
 e - a staff of poison
Scrolls
 f - a scroll of enchant armour {unknown}
 h - a scroll of immolation {unknown}
 i - a scroll of teleportation
 j - a scroll of summoning {unknown}
 k - a scroll of vulnerability {unknown}
 l - a scroll of silence {unknown}
 m - a scroll of amnesia {unknown}
 n - a scroll of identify {unknown}
Potions
 g - a potion of mutation {unknown}


   Skills:
 - Level 2.0 Fighting
 + Level 6.5 Bows
 - Level 2.4 Dodging
 - Level 4.0 Stealth


You had 3 spell levels left.
You didn't know any spells.
Your spell library contained the following spells:

 Spells                   Type           Power      Damage    Failure   Level
 Scorch                   Fire           0%         2d5       47%         2
 Flame Wave               Conj/Fire      0%         2d4       98%         4
 Summon Cactus Giant      Summ           0%         N/A       100%        6
 Malign Gateway           Summ/Tloc      0%         N/A       100%        7
 Summon Horrible Things   Summ           0%         N/A       100%        8


Dungeon Overview and Level Annotations

Branches:
Dungeon (3/15)

Altars:

Annotations:
D:2 Sigmund
D:3 2 transporters, exclusion: water moccasin, Natasha; wilfster70's ghost, amateur DjCj


Message History

Natasha and a giant cockroach come into view.
Found a fuming dark potion.
You shoot an arrow.
The arrow hits Natasha but does no damage.
Natasha mumbles some strange words.
There is a stone staircase leading up here.
You shoot an arrow. The arrow hits the giant cockroach.
You kill the giant cockroach!
Natasha extends her claws.
You shoot an arrow. The arrow hits Natasha.
Natasha is moderately wounded.
Natasha casts a spell.
You shoot an arrow. The arrow closely misses Natasha.
The arrow hits the shadow imp.
The shadow imp is heavily wounded.
Natasha casts a spell at you. The magic dart hits you!
You shoot an arrow. The arrow hits Natasha.
Natasha is severely wounded.
Natasha wildly gestures.
Natasha's front paws start to glow.
You shoot an arrow. The arrow completely misses Natasha.
The arrow hits the shadow imp.
You kill the shadow imp!
The shadow imp disappears in a puff of smoke!
You shoot an arrow. The arrow hits Natasha.
Natasha is almost dead.
Natasha mumbles some strange words.
You shoot an arrow. The arrow closely misses Natasha.
The arrow hits the crimson imp.
The crimson imp is moderately wounded.
The crimson imp blinks!
You shoot an arrow. The arrow closely misses Natasha.
Natasha claws you!
You shoot an arrow. The arrow barely misses Natasha.
Natasha mumbles some strange words.
You shoot an arrow. The arrow hits Natasha.
Natasha is almost dead.
Natasha casts a spell at you. The magic dart hits you!
You die...

### #@#
#h# #.#
#5# #ยง#
#(#
..B..!.(#
......5(#
.h......#


You could see Natasha and 2 crimson imps.

Vanquished Creatures
  A hound (D:3)
  2 adders
  2 worms (D:2)
  9 endoplasms
  2 giant cockroaches
  4 goblins
  3 hobgoblins (D:1)
  3 quokkas
  2 ball pythons
  3 bats (D:1)
  8 frilled lizards
  3 kobolds (D:2)
  3 rats
45 creatures vanquished.

Notes
Turn   | Place    | Note
-------+----------+-------------------------------------------
     0 | D:1      | Charly the Deep Elf Hunter began the quest for the Orb.
     0 | D:1      | Reached XP level 1. HP: 12/12 MP: 3/3
    85 | D:1      | Reached XP level 2. HP: 17/17 MP: 4/4
   513 | D:1      | Found a faded altar of an unknown god.
   784 | D:2      | Reached XP level 3. HP: 13/21 MP: 5/5
  1573 | D:2      | Noticed Sigmund
  2756 | D:3      | Reached skill level 6 in Bows
  2756 | D:3      | Reached XP level 4. HP: 26/26 MP: 6/6
  2782 | D:3      | Found a transporter.
  2782 | D:3      | Noticed an ogre
  2782 | D:3      | Noticed wilfster70's ghost (amateur DjCj)
  2783 | D:3      | Found a transporter.
  2801 | D:3      | Noticed a water moccasin
  3235 | D:3      | Noticed Natasha
  3251 | D:3      | Killed from afar by Natasha

Illustrated notes

Levels and vault maps discovered:
D:1:      dpeg_arrival_stone_temple_mockup, layout_basic,
          shapermc_ecumenical_altar_starsandcircs
D:2:      layout_basic, chequers_serial_rivers_micro_e, minivault_24,
          uniq_sigmund
D:3:      layout_basic, gammafunk_ghost_smash, serial_shops,
          nicolae_shop_competitors_out_of_business, serial_park_tiny_2,
          amcnicky_mini_pool_small, minmay_misc_feat_roman, uniq_natasha

Skill      XL: |  1  2  3 |
---------------+----------+-----
Fighting       | 2 |  2.0
Stealth        | 2 3 4 |  4.0
Bows           | 6 |  6.5
Dodging        | |  2.4

Action                   |  1- 3 |  4- 6 || total
-------------------------+-------+-------++-------
Melee: Short sword       |    49 |    12 ||    61
       Staff             |    23 |       ||    23
 Fire: Shortbow          |    84 |    17 ||   101
  Use: Scroll            |     2 |       ||     2
       Potion            |     1 |       ||     1
 Stab: Sleeping          |     1 |       ||     1
Armor: Leather armour    |    16 |     2 ||    18
Dodge: Dodged            |    41 |     8 ||    49

Table legend: (Time is in decaauts)
 A = Elapsed time spent in this place.
 B = Non-inter-level travel time spent in this place.
 C = Inter-level travel time spent in this place.
 D = Time resting spent in this place.
 E = Time spent auto-exploring this place.
 F = Levels seen in this place.
 G = Mean time per level.
                   A        B        C        D        E       F      G
               +--------+--------+--------+--------+--------+-----+--------+
         Total |   3252 |   2859 |    393 |    575 |   1716 |   3 | 1084.0 |
       Dungeon |   3252 |   2859 |    393 |    575 |   1716 |   3 | 1084.0 |
               +--------+--------+--------+--------+--------+-----+--------+

Top non-repeatable levels by time:
     D:2: 1329 daAuts
     D:1: 1327 daAuts
     D:3: 596 daAuts
